 Dungeon Crawl Stone Soup version 0.31.0-32-g396128a36d (webtiles) character file.

Game seed: 10210799308638148743

117563 TacoSundae the Blocker (level 16, -5/110 (130) HPs)
             Began as a Gnoll Fighter on Apr 15, 2024.
             Was the Champion of Okawaru.
             Splashed by a goliath frog's acid (9 damage)
             ... on level 1 of the Swamp.
             The game lasted 01:40:06 (24628 turns).

TacoSundae the Blocker (Gnoll Fighter)             Turns: 24628, Time: 01:40:07

HP:   -5/110 (130)  AC: 28    Str: 28    XL:     16   Next: 74%
MP:   40/40         EV: 21    Int:  7    God:    Okawaru [******]
Gold: 2952          SH: 15    Dex: 13    Spells: 33/38 levels left

rFire   + . .        b - +8 quick blade "Juroann" {holy, Fly MP+9 Str+4 Int-3}
rCold   + . .        G - +1 kite shield {rC+ rF+}
rNeg    . . .        K - +1 chain mail of Incorporation {rElec rPois Str+4}
rPois   +            o - +0 helmet
rElec   +            s - +2 cloak
rCorr   .            w - +1 pair of gloves
SInv    .            (no boots)
Will    +....        B - amulet of regeneration
Stlth   ++++         v - +4 ring of protection
HPRegen 1.18/turn    c - +5 ring of evasion
MPRegen 0.27/turn

%: no passive effects
@: heroic, flying, hasted and slowed, heavily drained
A: fangs 1, strong nose, distributed training
a: Renounce Religion, Heroism, Finesse, Duel, Receive Weapon


You were on level 1 of the Swamp.
You worshipped Okawaru.
Okawaru was exalted by your worship.
You visited 4 branches of the dungeon, and saw 22 of its levels.
You also visited: Bailey, Gauntlet and Ice Cave.

You collected 3675 gold pieces.
You spent 723 gold pieces at shops.

Inventory:

Hand Weapons
 a - a +2 trident of draining
 b - the +8 quick blade "Juroann" (weapon) {holy, Fly MP+9 Str+4 Int-3}
   (You took it off a minotaur in a Gauntlet)

   Str+4:     It affects your strength (+4).
   Int-3:     It affects your intelligence (-3).
   MP+9:      It affects your magic capacity (+9).
   Fly:       It grants you flight.
 i - the +2 lajatang of Inference {speed, Will+}
   (You found it on level 13 of the Dungeon)

   Will+:     It increases your willpower.
Missiles
 f - 2 throwing nets
 j - 48 boomerangs (quivered)
 y - 52 poisoned darts
 C - 4 curare-tipped darts
 P - 19 silver javelins
Armour
 o - a +0 helmet (worn)
 s - a +2 cloak (worn)
 w - a +1 pair of gloves (worn)
 G - a +1 kite shield of resistance (worn)
 I - a scarf of repulsion
 K - the +1 chain mail of Incorporation (worn) {rElec rPois Str+4}
   (Okawaru gifted it to you on level 3 of the Lair of Beasts)

   Str+4:     It affects your strength (+4).
   rElec:     It insulates you from electricity.
   rPois:     It protects you from poison
Jewellery
 c - a +5 ring of evasion (right hand)
 v - a +4 ring of protection (left hand)
 x - a ring of resist corrosion
 B - an amulet of regeneration (around neck)
 N - a ring of protection from cold
Wands
 h - a wand of flame (47)
 l - a wand of paralysis (13)
 r - a wand of digging (15)
 u - a wand of iceblast (18)
 Q - a wand of mindburst (2)
Scrolls
 k - 4 scrolls of revelation
 p - 4 scrolls of teleportation
 q - 2 scrolls of poison
 t - a scroll of brand weapon
 D - 3 scrolls of enchant armour
 M - 3 scrolls of blinking
 O - a scroll of enchant weapon
 T - a scroll of fog
 V - 5 scrolls of identify
Potions
 d - 3 potions of might
 e - 2 potions of ambrosia
 g - 5 potions of lignification
 m - 6 potions of enlightenment
 n - 2 potions of curing
 A - 2 potions of cancellation
 E - 3 potions of attraction
 H - 3 potions of brilliance
 S - a potion of mutation


   Skills:
 + Level 13.1(18.1) Fighting
 + Level 11.5(16.5) Short Blades
 + Level 11.5(16.5) Long Blades
 + Level 11.5(16.5) Axes
 + Level 11.5(16.5) Maces & Flails
 + Level 12.3(17.3) Polearms
 + Level 11.5(16.5) Staves
 + Level 11.5(16.5) Ranged Weapons
 + Level 11.5(16.5) Throwing
 + Level 13.1(18.1) Armour
 + Level 11.5(16.5) Dodging
 + Level 11.5(16.5) Stealth
 + Level 13.1(18.1) Shields
 + Level 11.5(16.5) Unarmed Combat
 + Level 11.5 Spellcasting
 + Level 9.7 Conjurations
 + Level 9.7 Hexes
 + Level 9.7 Summonings
 + Level 9.7 Necromancy
 + Level 9.7 Translocations
 + Level 9.7 Fire Magic
 + Level 9.7 Ice Magic
 + Level 9.7 Air Magic
 + Level 9.7 Earth Magic
 + Level 9.7 Alchemy
 + Level 12.5 Invocations
 + Level 11.5 Evocations
 + Level 10.6 Shapeshifting


You had 33 spell levels left.
You knew the following spells:

 Your Spells              Type           Power      Damage    Failure   Level
a - Jinxbite              Hex            34%        N/A       1%          2
b - Swiftness             Air            17%        N/A       2%          3

Your spell library contained the following spells:

 Spells                   Type           Power      Damage    Failure   Level
 Apportation              Tloc           34%        N/A       1%          1
 Freeze                   Ice            68%        1d8       1%          1
 Kiss of Death            Conj/Necr      68%        2d10      1%          1
 Ensorcelled Hibernation  Hex/Ice        34%        N/A       1%          2
 Confusing Touch          Hex            17%        N/A       2%          3
 Frozen Ramparts          Ice            34%        1d6       2%          3
 Hailstorm                Conj/Ice       17%        3d6       2%          3
 Passwall                 Erth           17%        N/A       2%          3
 Dispel Undead            Necr           17%        3d10      9%          4
 Alistair's Intoxication  Alch           11%        N/A       26%         5
 Borgnjor's Vile Clutch   Necr/Erth      8%         N/A       26%         5
 Animate Dead             Necr           Unusable   N/A       N/A         4
 Summon Forest            Summ/Tloc      Unusable   N/A       N/A         5
 Summon Mana Viper        Hex/Summ       Unusable   N/A       N/A         5
 Death Channel            Necr           Unusable   N/A       N/A         6
 Summon Cactus Giant      Summ           Unusable   N/A       N/A         6

Dungeon Overview and Level Annotations

Branches:
Dungeon (14/15)            Temple (0/1) D:6            Lair (5/5) D:8
  Swamp (1/4) Lair:3        Snake (0/4) Lair:2        Slime (0/5) Lair:4
    Orc (2/2) D:10            Elf (0/3) Orc:2        Vaults (0/5) D:14
 Bailey (visited)           IceCv (visited)         Gauntlet (visited)

Altars:
Ashenzari
Gozag
Kikubaaqudgha
Makhleb
Okawaru
Qazlal
Sif Muna
Trog
Wu Jian
The Shining One
Jiyva

Shops:
D:3 :   D:6 ?   D:10 (*(   Orc:2 [([:=

Annotations:
D:5 2 transporters, tizbic2's ghost, novice DsHu
Swamp:1 2 transporters, exclusion: obsidian statue


Innate Abilities, Weirdness & Mutations

You have very sharp teeth.
Your uncanny sense of smell can sniff out nearby items.
Your experience applies equally to all skills.


Message History

Okawaru accepts your kill.
You kill the hornet!
Okawaru accepts your kill.
You hear a splash.
The goliath frog misses you.
You completely miss the spriggan rider. Your bite misses the spriggan rider.
You hit the spriggan rider. Your bite misses the spriggan rider.
The spriggan rider is lightly wounded.
You block the spriggan rider's attack.
You hit the spriggan rider. You miss the spriggan rider.
The spriggan rider is lightly wounded.
You block the goliath frog's attack.
You hit the spriggan rider but do no damage.
You miss the spriggan rider.
The spriggan rider is lightly wounded.
You block the goliath frog's attack.
The spriggan rider hits you but does no damage.
You miss the spriggan rider. You puncture the spriggan rider!
The spriggan rider is moderately wounded.
You puncture the spriggan rider! You closely miss the spriggan rider.
The spriggan rider is moderately wounded.
The goliath frog closely misses you. The spriggan rider closely misses you.
You hit the spriggan rider. You puncture the spriggan rider!
Your bite misses the spriggan rider.
The spriggan rider is heavily wounded.
The goliath frog hits you from afar!
* * * LOW HITPOINT WARNING * * *
You are splashed with acid.
* * * LOW HITPOINT WARNING * * *
You puncture the spriggan rider! You miss the spriggan rider.
The spriggan rider is severely wounded.
The spriggan rider hits you with a +0 spear!
* * * LOW HITPOINT WARNING * * *
Unknown command.
You barely miss the spriggan rider. You hit the spriggan rider.
The spriggan rider is almost dead.
The goliath frog hits you from afar!
* * * LOW HITPOINT WARNING * * *
You are splashed with acid!
You die...

...#..$[$ifH.#R♣
...##8inXXi8##.♣
~...#########w.♣
........©.[..y♣♣
...~~~~.yF♣♣♣♣♣
~..§~~~iw♣♣
.♣~~~yF~♣
♣♣♣yni♣♣♣♣
♣♣♣♣@.~♣ ♣~♣...♣
♣♣♣ ♣§...♣
§♣~~♣♣♣♣♣~♣♣
.....♣.~~~♣
~.~.~~~~..♣
..~~~~~~.♣♣
...~~~~.♣♣♣♣♣♣♣
~~~~~~~.♣♣†...♣


You could see a ghoul, 2 spriggan riders, a spriggan air mage (repels missiles),
a goliath frog, a bog body and 2 vampire mosquitoes.

Vanquished Creatures
  Saint Roka (Orc:2)
  Rupert (Lair:4)
  Gastronok (D:9)
  Kirke (Lair:3)
  Nessos (Orc:1)
  A minotaur (Gauntlet)
  A rakshasa (D:14)
  2 ice dragons
  4 ogre magi (Orc:2)
  A hydra (Lair:5)
  A boulder beetle (D:13)
  A catoblepas (Lair:5)
  3 centaur warriors (D:14)
  A ghost crab (Lair:3)
  A death scarab (Gauntlet)
  26 two-headed ogres
  A death knight (D:13)
  Urug (Lair:4)
  4 tengu warriors
  6 death yaks
  A hell hog (Lair:5)
  An occultist (Gauntlet)
  2 skysharks (Lair:5)
  A fire crab (Lair:5)
  Lodul (D:12)
  A spectral catoblepas (Lair:3)
  3 skeletal warriors (D:13)
  A deep troll (D:14)
  2 orange crystal statues (D:14)
  A necromancer (D:14)
  A swamp dragon (Lair:5)
  2 orc knights
  A deep elf zephyrmancer (D:13)
  An oklob plant (Gauntlet)
  2 deep elf pyromancers
  A wolf spider (Lair:4)
  21 ugly things
  4 orc sorcerers
  6 cyclopes
  2 manticores
  15 elephants (Lair:5)
  9 black mambas
  A kobold blastminer (Orc:2)
  A torpor snail (Lair:5)
  A gargoyle (D:11)
  12 cane toads
  An unseen horror (D:10)
  4 rime drakes
  Jeremiah (D:9)
  9 komodo dragons
  2 kobold demonologists (D:13)
  2 tengu conjurers
  8 trolls
  3 hornets
  9 polar bears (Lair:5)
  Prince Ribbit (D:5)
  12 blink frogs
  A raiju (Lair:5)
  6 dream sheep (Lair:5)
  2 spectral black mambas (Lair:3)
  2 spriggans (Swamp:1)
  A vampire (D:14)
  2 wyverns (Lair:5)
  11 slime creatures
  A wraith (D:11)
  4 basilisks
  36 yaks
  2 steam dragons (Lair:5)
  20 wargs
  A golden eye (shapeshifter) (D:14)
  6 humans
  3 vampire mosquitoes (D:12)
  2 swamp worms (Swamp:1)
  A spectral cane toad (Gauntlet)
  4 acid dragons
  15 hell hounds
  13 water moccasins
  2 swamp drakes (Lair:5)
  36 orc warriors
  An ice beast (D:7)
  A spectral blink frog (Lair:3)
  16 black bears
  30 ogres
  14 centaurs
  A phantom (D:5)
  30 wolves
  5 kobold brigands
  Blork the orc (D:4)
  7 bullfrogs
  8 gnoll sergeants
  3 scorpions (D:5)
  4 wights (D:9)
  11 killer bees
  A troll skeleton (D:10)
  4 howler monkeys
  5 spriggan skeletons (D:10)
  An electric eel (Lair:3)
  3 jellies
  A gnoll bouda (D:6)
  13 orc priests
  3 sleepcaps
  7 iguanas
  24 orc wizards
  2 wolf simulacra (IceCv)
  6 adders
  18 gnolls
  3 white imps
  4 dart slugs
  A ribbon worm (D:3)
  105 orcs
  6 ball pythons
  6 bats
  12 endoplasms
  2 giant cockroaches
  10 goblins
  13 hobgoblins
  A quokka (D:2)
  5 frilled lizards
  24 kobolds
  A rat (D:1)
789 creatures vanquished.

Vanquished Creatures (others)
  A deep elf pyromancer (D:13)
  Maurice (D:8)
  A rime drake (Lair:5)
  A blink frog (Lair:5)
  A gnoll sergeant (D:13)
  An iguana (Lair:5)
  An orc (Orc:1)
7 creatures vanquished.

Grand Total: 796 creatures vanquished

Notes
Turn   | Place    | Note
-------+----------+-------------------------------------------
     0 | D:1      | TacoSundae the Gnoll Fighter began the quest for the Orb.
     0 | D:1      | Reached XP level 1. HP: 23/23 MP: 1/1
   164 | D:1      | Reached XP level 2. HP: 29/29 MP: 2/2
   631 | D:1      | Reached XP level 3. HP: 35/35 MP: 3/3
   869 | D:2      | Reached skill level 1 in Invocations
   922 | D:2      | Reached skill level 1 in Short Blades
   922 | D:2      | Reached skill level 1 in Long Blades
   922 | D:2      | Reached skill level 1 in Axes
   922 | D:2      | Reached skill level 1 in Maces & Flails
   922 | D:2      | Reached skill level 1 in Staves
   922 | D:2      | Reached skill level 1 in Ranged Weapons
   922 | D:2      | Reached skill level 1 in Throwing
   922 | D:2      | Reached skill level 1 in Dodging
   922 | D:2      | Reached skill level 1 in Stealth
   922 | D:2      | Reached skill level 1 in Unarmed Combat
   922 | D:2      | Reached skill level 1 in Spellcasting
   922 | D:2      | Reached skill level 1 in Evocations
   939 | D:2      | Reached skill level 1 in Conjurations
   939 | D:2      | Reached skill level 1 in Hexes
   939 | D:2      | Reached skill level 1 in Summonings
   939 | D:2      | Reached skill level 1 in Necromancy
   939 | D:2      | Reached skill level 1 in Translocations
   939 | D:2      | Reached skill level 1 in Fire Magic
   939 | D:2      | Reached skill level 1 in Ice Magic
   939 | D:2      | Reached skill level 1 in Air Magic
   939 | D:2      | Reached skill level 1 in Earth Magic
   939 | D:2      | Reached skill level 1 in Alchemy
   939 | D:2      | Reached skill level 1 in Shapeshifting
   939 | D:2      | Reached XP level 4. HP: 31/41 MP: 3/5
  1629 | D:3      | Found an opulent altar of Gozag.
  1747 | D:3      | Found a burning altar of Makhleb.
  1754 | D:3      | Reached XP level 5. HP: 47/47 MP: 7/7
  1888 | D:3      | Found a stormy altar of Qazlal.
  2065 | D:3      | Found Osey's Book Boutique.
  2501 | D:4      | Noticed Blork the orc
  2519 | D:4      | Killed Blork the orc
  2613 | D:4      | Reached XP level 6. HP: 24/53 MP: 4/8
  2851 | D:4      | Reached skill level 5 in Polearms
  3382 | D:5      | Entered Level 5 of the Dungeon
  3419 | D:5      | Found a transporter.
  3422 | D:5      | Noticed tizbic2's ghost (novice DsHu)
  3654 | D:5      | Reached XP level 7. HP: 60/60 MP: 10/10
  3656 | D:5      | Noticed Prince Ribbit
  3713 | D:5      | Killed Prince Ribbit
  3946 | D:5      | Reached XP level 8. HP: 67/67 MP: 12/12
  4158 | D:5      | Found a transporter.
  4786 | D:6      | You fall into a shaft and drop 2 floors!
  5016 | D:8      | Found a shimmering blue altar of Sif Muna.
  5089 | D:8      | Noticed Maurice
  5102 | D:8      | Something stole 9 boomerangs
  5104 | D:8      | Something stole a +2 dagger of venom
  5112 | D:8      | Killed Maurice
  5284 | D:8      | Found an iron altar of Okawaru.
  5290 | D:8      | Became a worshipper of Warmaster Okawaru
  5369 | D:7      | Reached XP level 9. HP: 73/73 MP: 14/14
  5719 | D:6      | Found an ancient bone altar of Kikubaaqudgha.
  5822 | D:6      | Found a staircase to the Ecumenical Temple.
  5896 | D:6      | Reached * piety under Okawaru
  6024 | D:6      | Found Nideidor's Magic Scroll Shop.
  6033 | D:6      | Bought a scroll of identify for 26 gold pieces
  6034 | D:6      | Bought a scroll of identify for 26 gold pieces
  6229 | D:6      | Found a broken altar of Ashenzari.
  6234 | D:6      | Found an ornate altar of the Wu Jian Council.
  6370 | D:7      | Reached skill level 5 in Invocations
  6829 | D:8      | Reached ** piety under Okawaru
  6865 | D:8      | Reached skill level 5 in Short Blades
  6865 | D:8      | Reached skill level 5 in Long Blades
  6865 | D:8      | Reached skill level 5 in Axes
  6865 | D:8      | Reached skill level 5 in Maces & Flails
  6865 | D:8      | Reached skill level 5 in Staves
  6865 | D:8      | Reached skill level 5 in Ranged Weapons
  6865 | D:8      | Reached skill level 5 in Throwing
  6865 | D:8      | Reached skill level 5 in Dodging
  6865 | D:8      | Reached skill level 5 in Stealth
  6865 | D:8      | Reached skill level 5 in Unarmed Combat
  6865 | D:8      | Reached skill level 5 in Spellcasting
  6865 | D:8      | Reached skill level 5 in Evocations
  6865 | D:8      | Reached XP level 10. HP: 81/81 MP: 17/17
  6948 | D:8      | Found a staircase to the Lair.
  7372 | D:9      | Noticed Gastronok
  7395 | D:9      | Killed Gastronok
  7395 | D:9      | Reached *** piety under Okawaru
  7396 | D:9      | Reached skill level 5 in Shapeshifting
  7556 | D:9      | Noticed Jeremiah
  7559 | D:9      | Reached **** piety under Okawaru
  7588 | D:9      | Killed Jeremiah
  8147 | D:10     | Entered Level 10 of the Dungeon
  8165 | D:10     | Reached skill level 5 in Conjurations
  8165 | D:10     | Reached skill level 5 in Hexes
  8165 | D:10     | Reached skill level 5 in Summonings
  8165 | D:10     | Reached skill level 5 in Necromancy
  8165 | D:10     | Reached skill level 5 in Translocations
  8165 | D:10     | Reached skill level 5 in Fire Magic
  8165 | D:10     | Reached skill level 5 in Ice Magic
  8165 | D:10     | Reached skill level 5 in Air Magic
  8165 | D:10     | Reached skill level 5 in Earth Magic
  8165 | D:10     | Reached skill level 5 in Alchemy
  8172 | D:10     | Reached XP level 11. HP: 85/85 MP: 20/20
  8243 | D:10     | Found a flagged portal.
  8285 | Bailey   | Entered a bailey
  8508 | Bailey   | Reached ***** piety under Okawaru
  8708 | D:10     | Found a glowing golden altar of the Shining One.
  8720 | D:10     | Found Huroecwu's Assorted Antiques.
  8730 | D:10     | Bought a glowing buckler for 255 gold pieces
  8741 | D:10     | Bought a copper ring for 170 gold pieces
  8752 | D:10     | Noticed a two-headed ogre
  8776 | D:10     | Killed a two-headed ogre
  8813 | D:10     | Found a staircase to the Orcish Mines.
  8897 | D:10     | Paralysed by a hornet for 1 turns
  9080 | D:10     | Found Nuisumpe's Antique Weapon Shop.
  9120 | D:10     | Found Cyfaer's Antique Weapon Boutique.
  9123 | D:10     | Bought a masterwork spear for 168 gold pieces
  9123 | D:10     | Identified the +4 spear of the Shimmering Genius {drain,
                  | MP+9} (You bought it in a shop on level 10 of the Dungeon)
  9530 | Lair:1   | Entered Level 1 of the Lair of Beasts
  9530 | Lair:1   | Found a gate leading to a gauntlet.
  9566 | D:8      | Received a gift from Okawaru
  9652 | Gauntlet | Entered a Gauntlet
  9652 | Gauntlet | Noticed a death scarab
  9652 | Gauntlet | Found a transporter.
  9652 | Gauntlet | Found a transporter.
  9666 | Gauntlet | Noticed a fire crab
  9683 | Gauntlet | Found a transporter.
  9687 | Gauntlet | Found a transporter.
  9687 | Gauntlet | Found a transporter.
  9688 | Gauntlet | Found a transporter.
  9706 | Gauntlet | Found a runed translucent door.
  9720 | Gauntlet | Found a transporter.
  9720 | Gauntlet | Noticed an oklob plant
  9724 | Gauntlet | Found a transporter.
  9727 | Gauntlet | Noticed an occultist
  9730 | Gauntlet | Noticed an arcanist
  9736 | Gauntlet | Found a transporter.
  9749 | Gauntlet | Noticed an arcanist
  9749 | Gauntlet | Noticed an arcanist
  9752 | Gauntlet | Found a transporter.
  9766 | Gauntlet | Found a transporter.
  9770 | Gauntlet | Found a transporter.
  9885 | Gauntlet | Killed a death scarab
  9936 | Gauntlet | Killed an oklob plant
  9998 | Gauntlet | Killed an occultist
 10041 | Gauntlet | Identified the +8 quick blade "Juroann" {holy, Fly MP+9
                  | Str+4 Int-3}
 10041 | Gauntlet | Noticed a minotaur
 10057 | Gauntlet | Killed a minotaur
 10265 | Lair:1   | Received a gift from Okawaru
 10266 | Lair:1   | Reached XP level 12. HP: 97/97 MP: 22/22
 10551 | Lair:1   | Identified a scroll of acquirement
 10551 | Lair:1   | Acquired 930 gold pieces
 11105 | Lair:2   | Noticed a death yak
 11108 | Lair:2   | Noticed a death yak
 11108 | Lair:2   | Noticed a death yak
 11108 | Lair:2   | Noticed a death yak
 11109 | Lair:2   | Noticed a death yak
 11110 | Lair:2   | Noticed a death yak
 11141 | Lair:1   | Killed a death yak
 11142 | Lair:1   | Reached skill level 10 in Fighting
 11142 | Lair:1   | Reached skill level 10 in Armour
 11142 | Lair:1   | Reached skill level 10 in Shields
 11211 | Lair:2   | Found a frozen archway.
 11224 | Lair:2   | Received a gift from Okawaru
 11237 | IceCv    | Entered an ice cave
 11701 | Lair:2   | Received a gift from Okawaru
 11786 | Lair:2   | Killed a death yak
 11941 | Lair:2   | Killed a death yak
 11962 | Lair:1   | Killed a death yak
 12045 | Lair:1   | Killed a death yak
 12125 | Lair:2   | Killed a death yak
 12126 | Lair:2   | Reached XP level 13. HP: 101/104 MP: 25/25
 12222 | Lair:2   | Found a staircase to the Snake Pit.
 12264 | Lair:2   | Learned a level 2 spell: Jinxbite
 12598 | Lair:3   | Noticed Kirke
 12623 | Lair:3   | Killed Kirke
 12862 | Lair:3   | Received a gift from Okawaru
 13169 | Lair:3   | Found a staircase to the Swamp.
 13360 | Lair:3   | Reached ****** piety under Okawaru
 13383 | Lair:3   | Acquired the +1 chain mail of Incorporation {rElec rPois
                  | Str+4}
 13383 | Lair:3   | Received a gift from Okawaru
 13498 | Lair:3   | You are sucked into a shaft and drop 2 floors!
 13498 | Lair:5   | Entered Level 5 of the Lair of Beasts
 13500 | Lair:5   | Identified the +0 ring mail "Moqorabb" {Fly rElec Str-3
                  | Int+5}
 13563 | Lair:5   | Received a gift from Okawaru
 14051 | Lair:4   | Found a viscous altar of Jiyva.
 14051 | Lair:4   | Found a staircase to the Slime Pits.
 14062 | Lair:4   | Noticed Rupert
 14078 | Lair:4   | Killed Rupert
 14079 | Lair:4   | Reached skill level 10 in Polearms
 14393 | Lair:4   | Noticed Urug
 14423 | Lair:4   | Killed Urug
 14423 | Lair:4   | Received a gift from Okawaru
 14801 | Lair:5   | Reached skill level 10 in Invocations
 14801 | Lair:5   | Reached XP level 14. HP: 108/113 MP: 27/27
 15139 | Lair:5   | Received a gift from Okawaru
 16292 | Lair:5   | Received a gift from Okawaru
 17063 | D:11     | Received a gift from Okawaru
 17095 | D:11     | Reached skill level 10 in Short Blades
 17095 | D:11     | Reached skill level 10 in Long Blades
 17095 | D:11     | Reached skill level 10 in Axes
 17095 | D:11     | Reached skill level 10 in Maces & Flails
 17095 | D:11     | Reached skill level 10 in Staves
 17095 | D:11     | Reached skill level 10 in Ranged Weapons
 17095 | D:11     | Reached skill level 10 in Throwing
 17095 | D:11     | Reached skill level 10 in Dodging
 17095 | D:11     | Reached skill level 10 in Stealth
 17095 | D:11     | Reached skill level 10 in Unarmed Combat
 17095 | D:11     | Reached skill level 10 in Spellcasting
 17095 | D:11     | Reached skill level 10 in Evocations
 17722 | Orc:1    | Entered Level 1 of the Orcish Mines
 17731 | Orc:1    | Reached XP level 15. HP: 95/120 MP: 29/29
 17992 | Orc:2    | Entered Level 2 of the Orcish Mines
 18021 | Orc:2    | Noticed Nessos
 18055 | Orc:1    | Killed Nessos
 18118 | Orc:2    | Paralysed by an orc sorcerer for 5 turns
 18205 | Orc:2    | Found Wigi's Jewellery Emporium.
 18208 | Orc:2    | Found a staircase to the Elven Halls.
 18332 | Orc:2    | Received a gift from Okawaru
 18401 | Orc:2    | Noticed Saint Roka
 18463 | Orc:2    | Killed Saint Roka
 18560 | Orc:2    | HP: 4/121 [two-headed ogre/+0 giant club (15)]
 18801 | Orc:2    | Paralysed by something for 5 turns
 18833 | Orc:2    | Paralysed by something for 2 turns
 19114 | Orc:2    | Received a gift from Okawaru
 19382 | Orc:2    | Found Getse's Armour Shop.
 19382 | Orc:2    | Found Hiubousm's Armour Shoppe.
 19382 | Orc:2    | Found Bywaur Pohiw's Weapon Shoppe.
 19382 | Orc:2    | Found Yceriruu's Book Boutique.
 19391 | Orc:2    | Bought 2 throwing nets for 78 gold pieces
 19729 | D:12     | Found a bloodstained altar of Trog.
 20029 | D:12     | Noticed Lodul
 20050 | D:12     | Killed Lodul
 21424 | D:13     | Received a gift from Okawaru
 21614 | D:13     | Reached skill level 10 in Shapeshifting
 21801 | D:13     | Reached XP level 16. HP: 129/129 MP: 30/30
 22159 | D:13     | Received a gift from Okawaru
 22249 | D:13     | Identified the +2 lajatang of Inference {speed, Will+}
 23103 | D:14     | Received a gift from Okawaru
 23442 | D:14     | Found a gate to the Vaults.
 23804 | D:14     | Learned a level 3 spell: Swiftness
 24519 | Swamp:1  | Entered Level 1 of the Swamp
 24551 | Swamp:1  | Found a transporter.
 24552 | Swamp:1  | Noticed a thorn hunter
 24562 | Swamp:1  | Found a transporter.
 24563 | Swamp:1  | Noticed a fenstrider witch
 24565 | Swamp:1  | Noticed a tentacled monstrosity
 24628 | Swamp:1  | HP: 4/110 [goliath frog (14)]
 24628 | Swamp:1  | Splashed by a goliath frog's acid

Illustrated notes

Levels and vault maps discovered:
D:1:      lemuel_arrival_cross, layout_loops_ring
D:2:      layout_loops_ring
D:3:      layout_basic, mainiacjoe_overflow_paths, mainiacjoe_overflow_catwalk,
          mainiacjoe_overflow_surrounded_room, serial_shops, shop_statue,
          corexii_shack, minmay_misc_feat_roman,
          nicolae_concentric_dashed_squares_wild
D:4:      layout_loops_ring, minmay_fountain_box, sigmund_army,
          uniq_blork_the_orc
D:5:      layout_gridville, gammafunk_ghost_arena, uniq_prince_ribbit1
D:6:      layout_loops_ring, kennysheep_mini_moat, jmf_multi_god_temple2,
          minmay_temple_entry_overgrown, serial_shops, shop_scrolls
D:7:      layout_rooms
D:8:      layout_loops_ring, nicolae_overflow_crystal_walls,
          overflow_temple_1_default, erik_lair_orcish_takeover, uniq_maurice
D:9:      layout_roguey, roderic_roman_lattice, uniq_gastronok, uniq_jeremiah
D:10:     layout_irregular_city, mainiacjoe_overflow_small_starburst,
          orc_0_dummy, serial_shops, nicolae_shop_tiny_glass,
          nicolae_shop_hallway_stairs, kennysheep_little_box, enter_bailey_6,
          hangedman_tell_no_tales
D:11:     layout_irregular_city
D:12:     layout_basic, bloody_trog, uniq_lodul
D:13:     lemuel_castle_with_subvaults [lemuel_castle_interior_carwin_1],
          layout_irregular_city, grunt_ministairs_8
D:14:     layout_irregular_city, david_vaults_4, kennysheep_flooded_box,
          minmay_more_statues
Lair:1:   layout_cave_pods, gauntlet_entry_generic, serial_bayou_crossing
Lair:2:   layout_hall_layers, minmay_snake_entry_six_corridors,
          portal_ice_cave_rime, lemuel_fruit_tree
Lair:3:   layout_regular_city, nicolae_swamp_entry_spooky, serial_bayou_shore_a,
          infiniplex_staircase_pool_2, lemuel_fruit_fields, uniq_kirke
Lair:4:   layout_cave_shapes, dpeg_slime_entry_enclosed,
          nicolae_lair_run_with_the_wolves, uniq_urug, uniq_rupert
Lair:5:   hangedman_lair_caniforms_friends, layout_hall_layers,
          guppyfry_lair_end_dragon
Swamp:1:  gammafunk_sealed_arena, layout_basic_swamp,
          evilmike_swamp_ruin_house_2, swamp_pool_4
Orc:1:    layout_caves
Orc:2:    st_orc_ogre_mass, layout_caves, serial_shops, nicolae_shop_tiny_glass,
          uniq_nessos, uniq_saint_roka

Skill      XL: |  1  2  3  4  5  6  7  8  9 10 11 12 13 14 15 16 |
---------------+-------------------------------------------------+-----
Invocations    | 1 2 3 4 5 6 7 8 10 11 12 | 12.5
Short Blades   | 1 2 3 5 6 7 8 9 10 11 | 11.5
Long Blades    | 1 2 3 5 6 7 8 9 10 11 | 11.5
Axes           | 1 2 3 5 6 7 8 9 10 11 | 11.5
Maces & Flails | 1 2 3 5 6 7 8 9 10 11 | 11.5
Staves         | 1 2 3 5 6 7 8 9 10 11 | 11.5
Ranged Weapons | 1 2 3 5 6 7 8 9 10 11 | 11.5
Throwing       | 1 2 3 5 6 7 8 9 10 11 | 11.5
Dodging        | 1 2 3 5 6 7 8 9 10 11 | 11.5
Stealth        | 1 2 3 5 6 7 8 9 10 11 | 11.5
Unarmed Combat | 1 2 3 5 6 7 8 9 10 11 | 11.5
Spellcasting   | 1 2 3 5 6 7 8 9 10 11 | 11.5
Evocations     | 1 2 3 5 6 7 8 9 10 11 | 11.5
Conjurations   | 1 2 3 4 5 6 7 8 9 |  9.7
Hexes          | 1 2 3 4 5 6 7 8 9 |  9.7
Summonings     | 1 2 3 4 5 6 7 8 9 |  9.7
Necromancy     | 1 2 3 4 5 6 7 8 9 |  9.7
Translocations | 1 2 3 4 5 6 7 8 9 |  9.7
Fire Magic     | 1 2 3 4 5 6 7 8 9 |  9.7
Ice Magic      | 1 2 3 4 5 6 7 8 9 |  9.7
Air Magic      | 1 2 3 4 5 6 7 8 9 |  9.7
Earth Magic    | 1 2 3 4 5 6 7 8 9 |  9.7
Alchemy        | 1 2 3 4 5 6 7 8 9 |  9.7
Shapeshifting  | 1 2 3 4 5 6 7 8 9 10 | 10.6
Polearms       | 5 6 7 8 9 10 11 12 | 12.3
Fighting       | 7 8 9 10 11 12 13 | 13.1
Armour         | 7 8 9 10 11 12 13 | 13.1
Shields        | 7 8 9 10 11 12 13 | 13.1

Action                     |  1- 3 |  4- 6 |  7- 9 | 10-12 | 13-15 | 16-18 || total
---------------------------+-------+-------+-------+-------+-------+-------++-------
  Melee: Trident           |    85 |   194 |   397 |   975 |   856 |       ||  2507
         Bite              |     5 |    19 |    39 |    91 |   605 |   246 ||  1005
         Dagger            |       |       |    62 |    32 |       |       ||    94
         Quick blade       |       |       |       |       |  2696 |  1408 ||  4104
  Throw: Dart              |       |       |     7 |     3 |       |       ||    10
         Boomerang         |       |       |       |    25 |    54 |    50 ||   129
   Cast: Jinxbite          |       |       |       |       |     2 |     1 ||     3
         Swiftness         |       |       |       |       |       |     3 ||     3
 Invoke: Heroism           |       |       |       |     4 |     6 |     1 ||    11
         Finesse           |       |       |       |     2 |     2 |       ||     4
         Receive Armour    |       |       |       |       |     1 |       ||     1
  Evoke: Wand              |       |       |     2 |       |     6 |       ||     8
    Use: Scroll            |       |    14 |     8 |     4 |     2 |     5 ||    33
         Potion            |       |     1 |     4 |     3 |     4 |     7 ||    19
   Stab: Petrified         |       |       |       |       |     2 |       ||     2
         Petrifying        |       |       |       |       |     1 |       ||     1
         Sleeping          |       |       |       |       |     1 |     1 ||     2
         Paralysed         |       |       |       |       |     1 |       ||     1
 Armour: Scale mail        |    40 |    56 |       |       |       |       ||    96
         Chain mail        |       |    22 |   329 |   528 |  1046 |   370 ||  2295
  Dodge: Dodged            |    27 |    59 |   141 |   419 |  1208 |   394 ||  2248
  Block: Buckler           |    16 |    36 |    99 |   292 |   716 |    69 ||  1228
         Kite shield       |       |       |       |       |       |   272 ||   272
